Map: Paladino Terminal LE

Players

Fredrikcool - Winner!

  • Race: Zerg Zerg
  • League: Diamond
  • Spawn Location: 9:00

Musumeci

  • Race: Zerg Zerg
  • League: Diamond
  • Spawn Location: 5:00

VOD

Have the link to the VOD?

Description

Time

  • Played on: March 23, 2017, 4:58 p.m.
  • Length: 16:36
Show
View Real Time Build Order
Export as new Build Order

Fredrikcool Zerg - Winner!

Build Orders: Pool First 

Get SALT Encoding   

  12  0:14  Extractor  
  11  0:21  Spawning Pool  
  11  0:26  Drone  
  11  0:31  Drone  
  12  0:37  Drone  
  13  0:44  Drone  
  14  0:56  Overlord  
  14  1:13  Queen  
  16  1:20  Metabolic Boost  
  16  1:26  Zergling x2  
  16  1:31  Zergling x2  
  18  1:35  Zergling x2  
  19  1:40  Zergling x2  
  20  1:51  Zergling x2  
  21  2:05  Overlord  
  21  2:19  Zergling x2  
  22  2:25  Zergling x8  
  26  2:35  Zergling x2  
  23  2:55  Zergling x2  
  23  3:02  Zergling x2  
  23  3:17  Zergling x4  
  23  3:18  Zergling x4  
  24  3:39  Zergling x2  
  24  3:40  Zergling x2  
  23  3:43  Lair  
  23  3:53  Zergling x6  
  25  4:09  Zergling x4  
  26  4:21  Extractor  
  25  4:35  Drone x3  
  28  4:45  Spire  
  28  4:50  Drone x3  
  26  5:12  Queen, Drone x2  
  24  5:24  Zergling x4  
  26  5:40  Overlord  
  26  5:58  Mutalisk  
  26  5:59  Mutalisk  
  25  6:15  Evolution Chamber x2  
  23  6:23  Mutalisk  
  25  6:32  Drone x2  
  26  6:49  Mutalisk  
  26  6:58  Drone  
  26  7:13  Drone x2  
  28  7:17  Drone  
  29  7:28  Overlord  
  27  7:47  Mutalisk x2  
  31  8:01  Mutalisk  
  31  8:05  Zerg Flyer Weapons Level 1  
  33  8:17  Mutalisk  
  35  8:23  Overlord  
  35  8:31  Drone  
  34  8:50  Mutalisk x2  
  38  9:07  Mutalisk x2  
  40  9:21  Mutalisk x2  
  38  10:01  Mutalisk x3  
  38  10:04  Overlord  
  44  10:27  Mutalisk x2  
  48  10:43  Zerg Flyer Weapons Level 2  
  48  11:14  Mutalisk  
  48  11:15  Mutalisk  
  42  12:07  Mutalisk x2  
  42  12:17  Queen  
  44  12:29  Mutalisk  
  44  12:30  Mutalisk  
  48  12:39  Spine Crawler  
  48  12:40  Spine Crawler  
  46  12:52  Queen  
  48  13:11  Zerg Flyer Armor Level 1  
  46  14:31  Hatchery  
  46  14:36  Evolution Chamber  
  46  14:37  Evolution Chamber  
  43  15:02  Mutalisk  
  43  15:03  Mutalisk x2  
  49  15:51  Drone x11  
  60  15:59  Overlord  
  60  16:03  Extractor  
  59  16:07  Extractor  
Show
View Real Time Build Order
Export as new Build Order

Musumeci Zerg 

Build Orders: Hatch First 

Get SALT Encoding   

  12  0:00  Drone  
  13  0:13  Overlord  
  13  0:20  Drone  
  14  0:24  Drone, Extractor  
  15  0:31  Drone  
  15  0:35  Drone  
  17  0:57  Hatchery  
  17  0:58  Drone  
  17  1:14  Spawning Pool  
  17  1:17  Drone, Extractor  
  16  1:20  Drone  
  16  1:24  Drone  
  18  1:28  Drone  
  19  1:39  Overlord  
  19  1:50  Drone  
  20  2:01  Zergling x2  
  21  2:02  Queen  
  23  2:09  Zergling x2  
  23  2:10  Queen  
  23  2:15  Spine Crawler, Zergling x2  
  26  2:21  Zergling x2  
  27  2:25  Metabolic Boost  
  27  2:33  Zergling x2  
  19  3:04  Zergling x2  
  19  3:05  Zergling x8  
  18  3:14  Zergling x2  
  19  3:29  Baneling Nest  
  18  3:34  Zergling x2  
  17  3:48  Queen  
  19  3:56  Zergling x2  
  18  4:20  Baneling x2  
  18  4:22  Baneling x3  
  18  4:31  Zergling x4  
  20  4:40  Zergling x4  
  20  5:11  Zergling x8  
  16  5:28  Baneling  
  16  5:31  Drone x3  
  14  6:07  Zergling x12  
  20  6:22  Spore Crawler  
  19  6:27  Drone  
  20  6:36  Spore Crawler  
  19  6:40  Drone  
  19  6:41  Drone  
  15  7:13  Drone  
  15  7:14  Drone x3  
  17  7:44  Drone x3  
  17  7:46  Queen  
  22  7:52  Zergling x6  
  25  8:04  Hatchery  
  24  8:11  Spore Crawler  
  23  8:13  Zergling x2  
  24  8:25  Queen  
  22  8:49  Zergling x6  
  25  8:58  Spore Crawler  
  24  9:04  Queen  
  20  9:24  Spore Crawler  
  14  9:31  Zergling x8  
  13  9:38  Drone  
  13  9:40  Queen  
  16  10:04  Drone x2  
  18  10:08  Drone  
  19  10:17  Drone  
  18  10:39  Drone x4  
  22  10:49  Drone  
  21  10:50  Drone  
  22  11:00  Drone x2  
  24  11:26  Spawning Pool  
  19  12:12  Zergling x6  
  19  12:13  Zergling x12  
  27  12:19  Spore Crawler  
  27  12:20  Spore Crawler  
  27  12:22  Extractor  
  24  12:27  Overlord  
  24  12:28  Overlord  
  22  13:01  Zergling x2  
  22  13:02  Zergling x8  
  27  13:17  Baneling  
  27  13:18  Baneling x4  
  27  13:22  Zergling x2  
  27  13:26  Queen  
  27  13:32  Zergling x2  
  29  13:42  Zergling x2  
  21  13:56  Zergling x4  
  20  14:11  Baneling x2  
  21  14:17  Zergling x6  
  21  14:47  Queen  
  23  14:58  Zergling x6  
  26  15:03  Hatchery  
  25  15:27  Queen  
  27  15:33  Zergling x6  
  29  15:44  Zergling x2  
  29  15:48  Overlord x2  
Tags
 
Add a new tag
Caveats
  • Supply blocks, unpowered buildings, or Contaminate may cause inaccurate times.
  • Supply counts are checked every 10 seconds.